 Dungeon Crawl Stone Soup version 0.30.0-29-ga12c61a403 (webtiles) character file.

Game seed: 7041149133727906410

233 seaoflcl the Chopper (level 5, -4/47 HPs)
             Began as a Minotaur Fighter on June 14, 2023.
             Slain by a gnoll
             ... wielding a +0 halberd
              (9 damage)
             ... on level 3 of the Dungeon.
             The game lasted 00:01:48 (1324 turns).

seaoflcl the Chopper (Minotaur Fighter)             Turns: 1324, Time: 00:01:49

Health: -4/47      AC: 10    Str: 23    XL:     5   Next: 74%
Magic:  4/4        EV:  8    Int:  5    God:
Gold:   119        SH:  4    Dex:  9    Spells: 4/4 levels left

rFire   . . .        a - +0 war axe
rCold   + . .        c - +0 buckler
rNeg    . . .        r - +0 chain mail
rPois   .            (helmet restricted)
rElec   .            (no cloak)
rCorr   .            (no gloves)
SInv    +            l - +0 pair of boots
Will    .....        (no amulet) Stlth
                     k - ring of see invisible
HPRegen 0.27/turn    m - ring of protection from cold
MPRegen 0.09/turn

%: no passive effects
@: no status effects
A: horns 2, retaliatory headbutt
a: no special abilities


You were on level 3 of the Dungeon.
You visited 1 branch of the dungeon, and saw 3 of its levels.

You collected 119 gold pieces.

Inventory:

Hand Weapons
 a - a +0 war axe (weapon)
Armour
 c - a +0 buckler (worn)
 l - a +0 pair of boots (worn)
 r - a +0 chain mail (worn)
Jewellery
 b - a ring of ice
 k - a ring of see invisible (left hand)
 m - a ring of protection from cold (right hand)
 p - a ring of flight
Scrolls
 e - a scroll of fog {unknown}
 f - a scroll of teleportation {unknown}
 h - a scroll of poison {unknown}
 i - a scroll of immolation {unknown}
 j - 2 scrolls of identify {unknown}
 n - a scroll of torment {unknown}
 o - 2 scrolls of fear {unknown}
Potions
 d - a potion of might
 g - a potion of lignification {unknown}
 q - a potion of brilliance {unknown}


   Skills:
 + Level 4.8 Fighting
 * Level 4.9 Axes
 + Level 4.7 Armour
 + Level 4.8 Shields


You had 4 spell levels left.
You didn't know any spells.
Your spell library contained the following spells:

 Spells                   Type           Power      Damage    Failure   Level
 Sting                    Tmut/Pois      0%         1d3       98%         1
 Poisonous Vapours        Pois/Air       0%         N/A       99%         2
 Dazzling Flash           Conj/Hex       0%         N/A       100%        3
 Mephitic Cloud           Conj/Pois/Air  0%         N/A       100%        3
 Olgreb's Toxic Radiance  Pois           0%         N/A       100%        4
 Agony                    Necr           0%         N/A       100%        5
 Freezing Cloud           Conj/Ice/Air   0%         6-21      100%        5
 Silence                  Hex/Air        0%         N/A       100%        5


Dungeon Overview and Level Annotations

Branches:
Dungeon (3/15)

Altars:

Shops:
D:1 *   D:2 [


Innate Abilities, Weirdness & Mutations

You have a pair of horns on your head.
You reflexively headbutt those who attack you in melee.


Message History

You closely miss the goblin. Your headbutt misses the goblin.
The goblin hits you but does no damage.
The gnoll hits you from afar with a +0 halberd.
You closely miss the goblin. Your headbutt misses the goblin.
You block the goblin's attack. You block the gnoll's attack.
You slash the goblin!
You kill the goblin!
The gnoll hits you with a +0 halberd. You block the gnoll's attack.
The gnoll barely misses you.
Things that are here:
a +0 club; a goblin corpse You closely miss the gnoll.
Your headbutt misses the gnoll. You hit the gnoll. You barely miss the gnoll.
The gnoll hits you but does no damage. The gnoll misses you.
The gnoll hits you but does no damage. The gnoll attacks as you move away!
The gnoll closely misses you. You furiously retaliate!
You headbutt the gnoll. The gnoll attacks as you move away!
The gnoll hits you with a +0 halberd. The gnoll closely misses you.
The gnoll hits you from afar with a +0 halberd!
The gnoll attacks as you move away! The gnoll hits you with a +0 whip.
You hit the gnoll.
The gnoll is severely wounded.
The gnoll hits you from afar with a +0 halberd.
The gnoll hits you from afar with a +0 halberd!
* * * LOW HITPOINT WARNING * * *
The gnoll hits you with a +0 whip.
* * * LOW HITPOINT WARNING * * *
The gnoll hits you but does no damage. The gnoll hits you with a +0 halberd!
* * * LOW HITPOINT WARNING * * *
You barely miss the gnoll.
You hit the gnoll. x2; The gnoll barely misses you.
You furiously retaliate!
You headbutt the gnoll.
You kill the gnoll!
The gnoll barely misses you. You furiously retaliate!
You headbutt the gnoll. The gnoll barely misses you.
The gnoll hits you but does no damage. You block the gnoll's attack.
You slash the gnoll! Your headbutt misses the gnoll.
The gnoll is almost dead.
You barely miss the gnoll. You block the gnoll's attack.
The gnoll hits you with a +0 halberd!
You die...

#~~.......~~##..##.####.###
##~~....~~~####.##.# #....
##~~~~~~### #.##.# #####
######### #.##.#
...##...#### #.##.#
#.........# #.##.#
#.........# #.##.######
#......g.)###..<......#
#.....)g@.)......####.#
....#...########### #.# .
#...# ###.# ##### ##.#.#
##.#..# ##.###.## #.## ##.#
##.###.## ##.#.##


You could see 2 gnolls.

Vanquished Creatures
  Sigmund (D:3)
  A gnoll (D:3)
  An adder (D:3)
  A worm (D:3)
  A dart slug (D:1)
  9 endoplasms
  A giant cockroach (D:1)
  2 goblins
  4 hobgoblins
  4 kobolds
  7 quokkas
  4 ball pythons
  3 bats
  3 frilled lizards
  6 rats
48 creatures vanquished.

Notes
Turn   | Place    | Note
-------+----------+-------------------------------------------
     0 | D:1      | seaoflcl the Minotaur Fighter began the quest for the Orb.
     0 | D:1      | Reached XP level 1. HP: 19/19 MP: 0/0
    24 | D:1      | Found Xuschic's General Store.
   103 | D:1      | Reached XP level 2. HP: 27/27 MP: 1/1
   586 | D:2      | Reached XP level 3. HP: 33/33 MP: 2/2
   630 | D:2      | Found Xofeteg's Antique Armour Emporium.
  1074 | D:3      | Noticed Sigmund
  1081 | D:3      | Killed Sigmund
  1082 | D:3      | Reached XP level 4. HP: 36/41 MP: 3/3
  1082 | D:3      | Reached XP level 5. HP: 41/47 MP: 4/4
  1324 | D:3      | Slain by a gnoll

Illustrated notes

Levels and vault maps discovered:
D:1:      mainiacjoe_arrival_reflecting_pool, layout_rooms, serial_shops,
          shop_statue
D:2:      layout_rooms, serial_shops, shop
D:3:      minmay_chambers_of_threes, layout_loops_ring,
          chequers_serial_rivers_large_b, kennysheep_potato, uniq_sigmund

Skill      XL: |  1  2  3 |
---------------+----------+-----
Axes           | 3 4 |  4.9
Fighting       | 4 |  4.8
Shields        | 4 |  4.8
Armour         | 4 |  4.7

Action                     |  1- 3 |  4- 6 || total
---------------------------+-------+-------++-------
  Melee: War axe           |    75 |    31 ||   106
         Headbutt          |     6 |     4 ||    10
 Armour: Scale mail        |    25 |    10 ||    35
         Chain mail        |       |     6 ||     6
  Dodge: Dodged            |    38 |    17 ||    55
  Block: Buckler           |    12 |     7 ||    19
